 Dungeon Crawl Stone Soup version 0.23.2-33-g5129a83184 (webtiles) character file.

Game seed: 4748469146000720554

118 Hebeh the Conjurer (level 4, -6/24 HPs)
             Began as a Deep Elf Conjurer on June 28, 2019.
             Killed from afar by an orc wizard (7 damage)
             ... with a magic dart
             ... on level 3 of the Dungeon.
             The game lasted 00:09:25 (2447 turns).

Hebeh the Conjurer (Deep Elf Conjurer)              Turns: 2447, Time: 00:09:25

Health: -6/24      AC:  4    Str:  5    XL:     4   Next: 72%
Magic:  6/13       EV: 13    Int: 21    God:
Gold:   73         SH:  0    Dex: 15    Spells: 12/13 levels left

rFire    . . .     SeeInvis .   p - +1 dagger (protect)
rCold    . . .     Gourm    .   (no shield)
rNeg     . . .     Faith    .   l - +0 robe (curse)
rPois    .         Spirit   .   (no helmet)
rElec    .         Reflect  .   h - scarf {repulsion}
rCorr    .         Harm     .   (no gloves)
MR       .....                  (no boots)
Stlth    ++........             (no amulet)
HPRegen  0.08/turn              g - +2 ring of protection
MPRegen  0.13/turn              (no ring)

@: repel missiles
A: no striking features
a: no special abilities


You were on level 3 of the Dungeon.
You were not hungry.

You visited 1 branch of the dungeon, and saw 3 of its levels.

You collected 73 gold pieces.

Inventory:

Hand Weapons
 d - a +0 short sword
 f - a +1 dagger of electrocution
 p - a +1 dagger of protection (weapon)
Missiles
 j - 60 stones (quivered)
Armour
 a - a +0 robe
 h - a scarf of repulsion (worn)
 l - a cursed +0 robe (worn)
Jewellery
 g - a +2 ring of protection (left hand)
 r - an uncursed ring of resist corrosion {unknown}
Wands
 o - a wand of random effects (10)
Scrolls
 b - 3 scrolls of identify {unknown}
 e - 2 scrolls of remove curse {unknown}
 m - a scroll of fog {unknown}
 n - a scroll of teleportation {unknown}
Potions
 i - 2 potions of might {unknown}
 k - a potion of magic {unknown}
Comestibles
 c - 5 rations
 q - 2 chunks of flesh


   Skills:
 - Level 2.4 Dodging
 - Level 2.4 Stealth
 + Level 5.2 Spellcasting
 + Level 5.7 Conjurations


You had 12 spell levels left.
You knew the following spells:

 Your Spells              Type           Power        Failure   Level  Hunger
a - Magic Dart            Conj           ####         1%          1    None

Your spell library contained the following spells:

 Spells                   Type           Power        Failure   Level  Hunger
 Searing Ray              Conj           ####..       1%          2    None
 Dazzling Spray           Conj/Hex       ###...       10%         3    ##.....
 Iskenderun's Mystic Bla  Conj           ####....     10%         4    ####...
 Force Lance              Conj/Tloc      ###.....     32%         4    ####...
 Fulminant Prism          Conj/Hex       ###.......   32%         4    ####...


Dungeon Overview and Level Annotations

Branches:
Dungeon (3/15)

Altars:

Annotations:
D:2 1 runed translucent door, Crazy Yiuf
D:3 Grinder


Message History

You kill the orc!
Something barely misses you.
A magic dart appears from out of thin air!
The magic dart hits you!
An orc priest comes into view. It is wielding a +0 whip.
Casting: Magic Dart (safe; 1% risk of failure)
Confirm with . or Enter, or press ? or * to list all spells.
You can't see any susceptible monsters within range! (Use Z to cast anyway.)
Casting: Magic Dart (safe; 1% risk of failure)
Confirm with . or Enter, or press ? or * to list all spells.
You can't see any susceptible monsters within range! (Use Z to cast anyway.)
You closely miss something. Something hits you!
* * * LOW HITPOINT WARNING * * *
You barely miss something. Something hits you.
* * * LOW HITPOINT WARNING * * *
You miss something.
You hear some strange, mumbled words.
A magic dart appears from out of thin air!
The magic dart hits you!
You die...

#.......#.# #.#
###.###.#.# #.#
#.......#.# #.#
###.#####.#####.#
#................
#########.#####..
.........#
#######..# #@.#
#{.# #..# #..#
5.....5..#
#######)## #.#
#.# #..


You could see Grinder.

Vanquished Creatures
  Jessica (D:2)
  4 adders (D:2)
  A worm (D:2)
  A dart slug (D:2)
  2 orcs (D:3)
  A ball python (D:2)
  3 giant cockroaches
  7 goblins
  7 hobgoblins
  4 jackals (D:1)
  3 bats
  3 frilled lizards
  6 kobolds
  9 rats
52 creatures vanquished.

Notes
Turn   | Place    | Note
-------+----------+-------------------------------------------
     0 | D:1      | Hebeh the Deep Elf Conjurer began the quest for the Orb.
     0 | D:1      | Reached XP level 1. HP: 10/10 MP: 6/6
   216 | D:1      | Reached XP level 2. HP: 15/15 MP: 1/8
  1182 | D:2      | Found a faded altar of an unknown god.
  1262 | D:2      | Reached skill level 5 in Conjurations
  1262 | D:2      | Reached XP level 3. HP: 19/19 MP: 6/10
  1527 | D:2      | Reached XP level 4. HP: 24/24 MP: 4/12
  1798 | D:2      | Found a runed translucent door.
  1799 | D:2      | Noticed Crazy Yiuf
  1975 | D:2      | Noticed Jessica
  1988 | D:2      | Killed Jessica
  1988 | D:2      | Reached skill level 5 in Spellcasting
  2432 | D:3      | Noticed Grinder
  2446 | D:3      | HP: 1/24 [something (1)]
  2447 | D:3      | Killed from afar by an orc wizard

Skill      XL: |  1  2  3  4 |
---------------+-------------+-----
Spellcasting   | 4 5 |  5.2
Conjurations   | 5 |  5.7
Dodging        | |  2.4
Stealth        | |  2.4

Action                   |  1- 3 |  4- 6 || total
-------------------------+-------+-------++-------
Melee: Short sword       |     3 |       ||     3
       Dagger            |       |     3 ||     3
 Cast: Magic Dart        |    74 |    41 ||   115
  Eat: Chunk             |     2 |     2 ||     4
Armor: Robe              |     5 |       ||     5
Dodge: Dodged            |    37 |     4 ||    41
       Deflected         |       |     1 ||     1
